 Dungeon Crawl Stone Soup version 0.26.0-16-gc1dbca0489 (webtiles) character file.

Game seed: 12084282724301271883

464 ArcanElement the Digger (level 6, -4/49 HPs)
             Began as a Deep Dwarf Earth Elementalist on Jan 19, 2021.
             Slain by an orc warrior
             ... wielding a +0 glaive
              (25 damage)
             ... on level 5 of the Dungeon on Jan 20, 2021.
             The game lasted 00:16:22 (4193 turns).

ArcanElement the Digger (DDEE)                      Turns: 4193, Time: 00:16:22

Health: -4/49      AC:  7    Str: 17    XL:     6   Next: 80%
Magic:  1/11       EV: 13    Int: 17    God:
Gold:   394        SH:  0    Dex: 14    Spells: 2/12 levels left

rFire    . . .     SeeInvis .   u - +4 quarterstaff (chaos)
rCold    + . .     Faith    .   (shield currently unavailable)
rNeg     . . .     Spirit   .   E - +2 leather armour {rC+}
rPois    +         Reflect  .   w - +0 helmet of Fabulous Freedom {+Fly rCorr} (curse)
rElec    .         Harm     .   v - +0 cloak {Will+}
rCorr    +         Rampage  .   (no gloves)
Will     +....                  (no boots)
Stlth    +++.......             (no amulet)
HPRegen  0.00/turn              r - +6 ring of strength
MPRegen  0.12/turn              y - ring of poison resistance

@: very slightly contaminated, non-regenerating
A: damage resistance, heal wounds, sense surroundings 1, no regeneration
a: Heal Wounds, Evoke Flight


You were on level 5 of the Dungeon.
You visited 1 branch of the dungeon, and saw 5 of its levels.

You collected 394 gold pieces.

Inventory:

Hand Weapons
 f - a +0 dagger
 u - a +4 quarterstaff of chaos (weapon)
Missiles
 b - 170 stones
 n - 13 poisoned darts
 s - 12 silver javelins
Armour
 c - a +0 robe
 o - a +0 cloak
 v - a +0 cloak of willpower (worn)
 w - the cursed +0 helmet of Fabulous Freedom (worn) {+Fly rCorr}
   (You found it on level 4 of the Dungeon)

   It lets you fly.
   It provides partial protection from all sources of acid and corrosion.
   It has a curse placed upon it.
 E - a +2 leather armour of cold resistance (worn)
Jewellery
 r - a +6 ring of strength (left hand)
 x - an uncursed ring of willpower
 y - a ring of poison resistance (right hand)
 B - an uncursed ring of protection from cold
 F - an uncursed ring of protection from fire
Wands
 D - a wand of enslavement (7)
Scrolls
 h - 3 scrolls of enchant weapon {unknown}
 i - 2 scrolls of remove curse {unknown}
 k - 2 scrolls of immolation {unknown}
 m - 2 scrolls of fog {unknown}
 p - 2 scrolls of magic mapping {unknown}
 t - 3 scrolls of teleportation
 A - a scroll of noise {unknown}
Potions
 a - 3 potions of mutation
 d - 3 potions of curing
 e - 2 potions of might
 g - 2 potions of resistance {unknown}
 j - 3 potions of heal wounds
 l - 2 potions of brilliance
 q - a potion of ambrosia
 z - a potion of haste
 C - a potion of cancellation {unknown}


   Skills:
 - Level 3.0 Dodging
 - Level 5.0 Stealth
 + Level 3.8 Spellcasting
 - Level 0.8 Transmutations
 - Level 7.0 Earth Magic


You had 2 spell levels left.
You knew the following spells:

 Your Spells              Type           Power        Failure   Level
a - Sandblast             Erth           54%          1%          1
b - Passwall              Tmut/Erth      13%          6%          2
c - Stone Arrow           Conj/Erth      30%          14%         3
d - Petrify               Tmut/Erth      16%          36%         4

Your spell library contained the following spells:

 Spells                   Type           Power        Failure   Level
 Lee's Rapid Deconstruct  Erth           13%          30%         5


Dungeon Overview and Level Annotations

Branches:
Dungeon (5/15)
 Temple: D:4-7

Altars:
Elyvilon

Shops:
D:5 =


Innate Abilities, Weirdness & Mutations

You are resistant to damage.
You can heal yourself by infusing magical energy.
You passively map a small area around you.
You do not regenerate.


Message History

You are caught in an explosion of flying shrapnel.
Evoke which item? (* to show all) (? for menu, Esc to quit)
Aiming: Enslavement
Press: ? - help, Shift-Dir - straight line, f/p - orc warrior
Aim: an orc warrior, wielding a +0 glaive and wearing a +0 plate armour (moderately wounded, chance to affect: 46%)
Okay, then.
Casting: Stone Arrow (dangerous; 14% risk of failure)
Confirm with . or Enter, or press ? or * to list all spells.
You don't have enough magic to cast that spell.
Casting: Stone Arrow (dangerous; 14% risk of failure)
Confirm with . or Enter, or press ? or * to list all spells.
Aiming: Sandblast (safe; 1% risk of failure)
Press: ? - help, Shift-Dir - straight line, f/p - orc warrior
Aim: an orc warrior, wielding a +0 glaive and wearing a +0 plate armour (moderately wounded, 19% to evade)
The blast of sand misses the orc warrior.
The blast of sand hits the orc!
You kill the orc!
The orc warrior hits you from afar with a +0 glaive!!
Ouch! That really hurt!
You die...

###.#######.,
, #...# *, ,
* #.∩.# , ,
#...# * *
##..# ##..##
, * #..##
#.## #@# #.#
* ..,* #o#
... , #)#
#.!.
#.###.... *
#.....# *
#.....#
#)$...#
#..>..#,


You could see an orc warrior.

Vanquished Creatures
  A phantom (D:4)
  A scorpion (D:4)
  2 orc priests (D:5)
  Crazy Yiuf (D:2)
  A centaur skeleton (D:4)
  An orc wizard (D:4)
  2 worker ants (D:4)
  Terence (D:3)
  A hound skeleton (D:4)
  A gnoll (D:1)
  An adder (D:3)
  An ooze (D:3)
  An adder skeleton (D:4)
  A worm (D:3)
  3 leopard geckos
  7 orcs
  9 bats
  4 giant cockroaches
  7 goblins
  3 hobgoblins
  7 jackals
  8 kobolds
  3 ball pythons
  A ball python skeleton (D:4)
  2 frilled lizards
  13 rats
83 creatures vanquished.

Notes
Turn   | Place    | Note
-------+----------+-------------------------------------------
     0 | D:1      | ArcanElement the Deep Dwarf Earth Elementalist began the
                  | quest for the Orb.
     0 | D:1      | Reached XP level 1. HP: 15/15 MP: 3/3
   155 | D:1      | Reached XP level 2. HP: 22/22 MP: 0/4
   466 | D:1      | Reached XP level 3. HP: 28/28 MP: 2/5
   987 | D:1      | Learned a level 2 spell: Passwall
  1183 | D:2      | Reached skill level 5 in Stealth
  1239 | D:2      | Found a runed translucent door.
  1240 | D:2      | Noticed Crazy Yiuf
  1936 | D:2      | Killed Crazy Yiuf
  1937 | D:2      | Reached XP level 4. HP: 36/36 MP: 0/6
  2175 | D:3      | Learned a level 3 spell: Stone Arrow
  2240 | D:3      | Noticed Terence
  2279 | D:3      | Killed Terence
  2280 | D:3      | Reached skill level 5 in Earth Magic
  2976 | D:4      | Reached XP level 5. HP: 37/42 MP: 5/7
  3018 | D:4      | Got a translucent helmet
  3024 | D:4      | Identified the cursed +0 helmet of Fabulous Freedom {+Fly
                  | rCorr} (You found it on level 4 of the Dungeon)
  3027 | D:4      | Noticed a phantom
  3078 | D:4      | Killed a phantom
  3079 | D:4      | Reached skill level 7 in Earth Magic
  3265 | D:4      | Reached XP level 6. HP: 31/49 MP: 9/9
  3314 | D:4      | Learned a level 4 spell: Petrify
  3565 | D:4      | Found a white marble altar of Elyvilon.
  3918 | D:5      | Entered Level 5 of the Dungeon
  4098 | D:5      | Found Ejist's Jewellery Shoppe.
  4176 | D:5      | Noticed an orc warrior
  4193 | D:5      | Slain by an orc warrior

Illustrated notes

Levels and vault maps discovered:
D:1:      elethiomel_arrival_quiet, layout_rooms, serial_bayou_pond_c,
          minmay_misc_feat_encased, st_stairs_13, hangedman_decor_points,
          corner_web_ring, chequers_serial_rivers_micro_e
D:2:      layout_loops_ring, uniq_crazy_yiuf_cottage
D:3:      layout_basic, uniq_terence
D:4:      layout_cave_pools, elyvilon_altar_3
D:5:      minmay_octagon_keep, layout_rooms, minmay_temple_entry_trees,
          serial_shops, shop_coins, minmay_increasing_density

Skill      XL: |  1  2  3  4  5  6 |
---------------+-------------------+-----
Stealth        | 3 4 5 |  5.0
Dodging        | 3 |  3.0
Earth Magic    | 5 7 |  7.0
Spellcasting   | 2 3 |  3.8
Transmutations | |  0.8

Action                   |  1- 3 |  4- 6 || total
-------------------------+-------+-------++-------
Melee: Dagger            |    11 |     9 ||    20
       Quarterstaff      |       |    21 ||    21
 Cast: Sandblast         |    48 |    54 ||   102
       Stone Arrow       |       |    12 ||    12
  Use: Scroll            |       |     6 ||     6
       Potion            |       |     2 ||     2
 Stab: Sleeping          |     6 |     6 ||    12
Armor: Robe              |     5 |     9 ||    14
       Leather armour    |       |     1 ||     1
Dodge: Dodged            |    17 |    42 ||    59
